Map: [ESL] Gresvan

Players

Zoun

  • Race: Protoss Protoss

Coffee - Winner!

  • Race: Terran Terran

Event: IEM Katowice 2023

VOD

Have the link to the VOD?

Description

Time

  • Played on: Feb. 8, 2023, 6:04 a.m.
  • Length: 6:32

All games in this series

Show
View Real Time Build Order
Export as new Build Order

Zoun Protoss 

Build Orders: Phoenix Opening 

Get SALT Encoding   

  12  0:00  Probe  
  13  0:12  Probe  
  14  0:19  Pylon  
  14  0:24  Probe  
  15  0:37  Probe (Chrono Boost)  
  15  0:39  Gateway  
  16  0:46  Probe (Chrono Boost)  
  16  0:49  Assimilator  
  17  0:51  Probe (Chrono Boost)  
  18  1:05  Probe  
  19  1:17  Probe  
  20  1:26  Cybernetics Core  
  20  1:30  Probe  
  21  1:35  Pylon  
  21  1:45  Probe  
  21  1:54  Nexus  
  21  2:00  Assimilator  
  21  2:05  Adept (Chrono Boost)  
  23  2:11  Probe  
  24  2:21  Warp Gate  
  24  2:23  Probe  
  24  2:27  Adept  
  27  2:35  Probe  
  28  2:47  Probe  
  28  2:48  Stargate  
  29  2:57  Adept  
  31  3:06  Probe x2 (Chrono Boost)  
  33  3:13  Gateway  
  33  3:18  Shield Battery, Probe x2 (Chrono Boost)  
  35  3:23  Probe x2 (Chrono Boost)  
  37  3:30  Phoenix (Chrono Boost)  
  37  3:32  Probe  
  37  3:33  Probe  
  41  3:39  Pylon  
  41  3:44  Probe  
  41  3:45  Phoenix  
  44  3:48  Probe  
  40  4:07  Probe  
  40  4:08  Probe  
  40  4:15  Phoenix  
  41  4:18  Robotics Facility  
  41  4:19  Probe  
  43  4:24  Probe (Chrono Boost)  
  43  4:26  Adept  
  45  4:31  Probe (Chrono Boost)  
  47  4:38  Assimilator  
  47  4:40  Assimilator  
  47  4:42  Probe (Chrono Boost)  
  47  4:43  Probe (Chrono Boost)  
  48  4:46  Phoenix  
  48  4:48  Probe (Chrono Boost)  
  48  4:51  Probe  
  52  4:58  Probe  
  52  4:59  Pylon  
  51  5:03  Probe  
  51  5:06  Robotics Bay  
  52  5:09  Pylon  
  52  5:11  Probe (Chrono Boost)  
  53  5:15  Probe (Chrono Boost)  
  53  5:21  Observer (Chrono Boost)  
  55  5:27  Sentry, Probe (Chrono Boost)  
  55  5:28  Probe (Chrono Boost)  
  59  5:29  Pylon  
  59  5:32  Probe (Chrono Boost)  
  59  5:34  Probe  
  61  5:40  Pylon, Immortal (Chrono Boost)  
  65  5:44  Stalker  
  65  5:46  Probe  
  68  5:57  Stalker  
  70  6:07  Shield Battery  
  76  6:11  Stalker  
Show
View Real Time Build Order
Export as new Build Order

Coffee Terran - Winner!

Build Orders:  

Get SALT Encoding   

  12  0:00  SCV  
  13  0:12  SCV  
  14  0:17  Supply Depot  
  14  0:24  SCV  
  15  0:38  SCV  
  15  0:39  Barracks  
  16  0:44  Refinery  
  16  0:50  SCV  
  17  1:02  SCV  
  17  1:03  Engineering Bay  
  18  1:14  SCV  
  18  1:30  Marine  
  18  1:31  Orbital Command  
  19  1:35  Supply Depot  
  19  1:47  Marine  
  19  1:51  Factory  
  20  1:57  SCV  
  21  2:06  Barracks Reactor  
  21  2:09  SCV  
  22  2:20  Command Center  
  22  2:30  SCV, Supply Depot  
  23  2:38  Barracks  
  23  2:48  Hellion x2  
  27  2:51  SCV  
  28  3:08  Barracks Tech Lab  
  28  3:09  Hellion  
  28  3:10  Hellion  
  32  3:15  Barracks  
  32  3:17  SCV  
  33  3:25  Barracks Tech Lab, Refinery  
  33  3:29  SCV  
  34  3:38  Cyclone  
  37  3:41  SCV  
  37  3:46  Stimpack  
  38  3:50  Marine x2  
  38  3:54  SCV  
  39  4:06  Marine  
  36  4:12  Marine x2  
  36  4:13  SCV  
  36  4:14  Orbital Command  
  36  4:16  Barracks Tech Lab  
  37  4:24  Siege Tank  
  40  4:26  SCV  
  40  4:30  Marine  
  40  4:31  Marine x2  
  44  4:34  Supply Depot  
  44  4:38  Combat Shield  
  44  4:42  SCV x2  
  45  4:54  Marine x4  
  45  4:57  SCV x2  
  45  4:59  Siege Tank  
  54  5:07  Supply Depot  
  54  5:09  SCV x2  
  54  5:13  Marine x4  
  59  5:21  SCV  
  59  5:22  SCV, Supply Depot  
  59  5:27  Starport  
  61  5:31  Marine x3  
  63  5:36  Siege Tank  
  63  5:38  SCV x2  
  68  5:48  Marine x2  
  68  5:49  Marine x2  
  72  5:50  SCV x2  
  73  6:02  SCV x2  
  75  6:06  Marine x2, Supply Depot  

Tags
 
Add a new tag
Caveats
  • Supply blocks, unpowered buildings, or Contaminate may cause inaccurate times.
  • Supply counts are checked every 10 seconds.